 Dungeon Crawl Stone Soup version 0.31-a0-150-g89dc3ad700 (webtiles) character file.

Game seed: 10243476897616341440

58 qw the Shooter (level 4, -1/28 HPs)
             Began as a Gargoyle Hunter on June 8, 2023.
             Slain by a gnoll
             ... wielding a +1 flail of protection
              (8 damage)
             ... on level 2 of the Dungeon.
             The game lasted 00:00:27 (851 turns).

qw the Shooter (Gargoyle Hunter)                     Turns: 851, Time: 00:00:28

Health: -1/28      AC:  7    Str: 14    XL:     4   Next: 1%
Magic:  4/4        EV: 11    Int: 10    God:
Gold:   112        SH:  0    Dex: 15    Spells: 3/3 levels left

rFire   . . .        Y - +0 shortbow
rCold   . . .        (shield currently unavailable)
rNeg    + . .        c - +0 leather armour
rPois   inf          (no helmet)
rElec   +            g - +0 cloak
rCorr   .            (no gloves)
SInv    .            (no boots)
Will    .....        (no amulet)
Stlth   ++           (no ring)
HPRegen 0.24/turn    (no ring)
MPRegen 0.09/turn

%: no passive effects
@: about to teleport
A: sickness immunity, AC +3, negative energy resistance 1, electricity
resistance, torment resistance 1, petrification resistance
a: no special abilities


You were on level 2 of the Dungeon.
You visited 1 branch of the dungeon, and saw 2 of its levels.

You collected 112 gold pieces.


Innate Abilities, Weirdness & Mutations

You are immune to sickness and miasma.
Your stone body is resilient. (AC +3)
You are immune to poison.
You resist negative energy. (rN+)
You are resistant to electric shocks. (rElec)
You are resistant to unholy torment.
You are immune to petrification.


   Skills:
 - Level 3.1 Fighting
 + Level 5.0 Ranged Weapons
 - Level 1.5 Dodging
 - Level 1.1 Stealth


You had 3 spell levels left.
You didn't know any spells.
Your spell library was empty.

Inventory:

Hand Weapons
 Y - a +0 shortbow (weapon)
Armour
 c - a +0 leather armour (worn)
 g - a +0 cloak (worn)
Scrolls
 a - a scroll of noise {unknown}
 d - a scroll of identify
 f - a scroll of enchant armour {unknown}
 i - a scroll of summoning {unknown}
Potions
 b - a potion of haste {unknown}
 e - a potion of attraction {unknown}

Dungeon Overview and Level Annotations

Branches:
Dungeon (2/15)

Altars:

Shops:
D:1 (


Message History

Enter note:
Enter note: You shoot an arrow.
The arrow hits the gnoll but does no damage.
You shoot an arrow. The arrow hits the gnoll.
The gnoll is heavily wounded.
You shoot an arrow. The arrow hits the gnoll.
The gnoll is heavily wounded.
You shoot an arrow.
The arrow hits the gnoll but does no damage.
The gnoll is heavily wounded.
The gnoll hits you but does no damage.
You shoot an arrow. The arrow closely misses the gnoll.
The gnoll hits you with a +0 club.
You shoot an arrow.
The arrow hits the gnoll but does no damage.
The gnoll is heavily wounded.
The gnoll hits you but does no damage. x2
You shoot an arrow. The arrow closely misses the gnoll.
The gnoll misses you.
The gnoll hits you with a +1 flail of protection!
You shoot an arrow.
The arrow hits the gnoll but does no damage.
The gnoll is heavily wounded.
The gnoll misses you. The gnoll hits you with a +0 club.
You shoot an arrow. The arrow hits the gnoll.
The gnoll is almost dead.
The gnoll closely misses you. The gnoll hits you with a +0 club.
The gnoll hits you but does no damage.
You shoot an arrow.
The arrow hits the gnoll but does no damage.
The gnoll is almost dead.
The gnoll hits you with a +0 club. The gnoll closely misses you.
The gnoll hits you with a +0 flail.
851 ||| READING scroll of teleportation.
As you read the scroll of teleportation, it crumbles to dust.
You feel strangely unstable. The gnoll hits you but does no damage.
The gnoll hits you with a +1 flail of protection!
You die...

.....# .....# .....#
.....# ... .....# #..#
.....# #...######g....#
### #.#....#.@g....#
..######.####...#g....#
..........##...##.....#
.......#........#######
#...............#
##%....#.#......#
.<.%............#
#......#.#.......#
.........###......#


You could see 3 gnolls.

Vanquished Creatures
  2 adders (D:2)
  A dart slug (D:1)
  3 ball pythons
  2 endoplasms (D:1)
  2 giant cockroaches
  3 goblins
  6 hobgoblins
  3 jackals (D:2)
  A quokka (D:1)
  6 bats (D:1)
  2 frilled lizards
  2 kobolds (D:1)
  A rat (D:1)
34 creatures vanquished.

Notes
Turn   | Place    | Note
-------+----------+-------------------------------------------
     0 | D:1      | qw the Gargoyle Hunter began the quest for the Orb.
     0 | D:1      | Reached XP level 1. HP: 12/12 MP: 1/1
     0 | D:1      | 0 ||| qw: Version: 0.2-a-119-g7aa9181
     0 | D:1      | 0 ||| qw: Game counter: 2806
     0 | D:1      | 0 ||| qw: Always use a shield: true
     0 | D:1      | 0 ||| qw: God list: Okawaru
     0 | D:1      | 0 ||| qw: Allow faded altars: false
     0 | D:1      | 0 ||| qw: Do Orc after D:15 true
     0 | D:1      | 0 ||| qw: Do second Lair branch before Depths: true
     0 | D:1      | 0 ||| qw: Lair rune preference: random
     0 | D:1      | 0 ||| qw: Plans: Normal
     0 | D:1      | 0 ||| PLANNING D:1-11
   101 | D:1      | Found a faded altar of an unknown god.
   109 | D:1      | Reached XP level 2. HP: 17/17 MP: 2/2
   205 | D:1      | 205 ||| UPGRADING to +0 cloak.
   497 | D:1      | Found Raerch's Antique Weapon Shop.
   590 | D:1      | Reached XP level 3. HP: 21/21 MP: 3/3
   601 | D:1      | 601 ||| READING scroll labelled DOSEZITW NIFIRA.
   602 | D:1      | 602 ||| READING scroll labelled OLAOGH AMUI.
   603 | D:1      | 603 ||| READING scroll labelled XOTYATH EMYPH.
   604 | D:1      | 604 ||| READING 2 scrolls labelled KOMONA OSOET.
   609 | D:1      | 609 ||| DROPPING scroll of butterflies.
   647 | D:2      | Reached skill level 5 in Ranged Weapons
   784 | D:2      | Reached skill level 3 in Fighting
   784 | D:2      | Reached XP level 4. HP: 22/28 MP: 4/4
   850 | D:2      | HP: 6/28 [gnoll/+0 flail (4)]
   851 | D:2      | 851 ||| READING scroll of teleportation.
   851 | D:2      | Slain by a gnoll

Levels and vault maps discovered:
D:1:      minmay_arrival_stone_box, layout_basic, serial_shops, shop,
          basic_ecumenical_altar
D:2:      layout_rooms, dreamdust_wishing_well

Skill      XL: |  1  2  3 |
---------------+----------+-----
Ranged Weapons | 5 |  5.0
Fighting       | 3 |  3.1
Dodging        | |  1.5
Stealth        | |  1.1

Action                     |  1- 3 |  4- 6 || total
---------------------------+-------+-------++-------
   Fire: Shortbow          |   111 |    10 ||   121
    Use: Scroll            |     4 |     1 ||     5
 Armour: Leather armour    |    25 |     5 ||    30
  Dodge: Dodged            |    44 |     4 ||    48

Table legend:
 A = Non-vault XP
 B = Vault XP
 C = Vault XP percentage of total XP
 D = Non-vault monster count
 E = Vault monster count
 F = Vault count percentage of total count
                 A         B        C        D         E       F
            +---------+---------+-------+---------+---------+-------
      Total |      83 |       0 |   0.0 |      34 |       0 |   0.0
            +---------+---------+-------+---------+---------+-------
        D:1 |      34 |       0 |   0.0 |      20 |       0 |   0.0
        D:2 |      49 |       0 |   0.0 |      14 |       0 |   0.0
            +---------+---------+-------+---------+---------+-------
